 Dungeon Crawl Stone Soup version 0.23.0-42-geed6394 (webtiles) character file.

Game seed: 15260853484226855010

400 Kairos the Chopper (level 6, -5/32 HPs)
             Began as a Vine Stalker Fighter on Feb 28, 2019.
             Slain by an ogre
             ... wielding a +0 giant club
              (8 damage)
             ... on level 4 of the Dungeon.
             The game lasted 00:03:34 (1963 turns).

Kairos the Chopper (Vine Stalker Fighter)           Turns: 1963, Time: 00:03:35

Health: -5/32      AC: 10    Str: 20    XL:     6   Next: 84%
Magic:  0/7        EV:  7    Int:  8    God:
Gold:   201        SH: 10    Dex: 14    Spells: 5/5 levels left

rFire    . . .     SeeInvis .   a - +0 war axe
rCold    . . .     Gourm    .   c - +0 shield
rNeg     . . .     Faith    .   b - +0 scale mail
rPois    .         Spirit   +   (no helmet)
rElec    .         Reflect  .   (no cloak)
rCorr    .         Harm     .   i - +0 pair of gloves
MR       .....                  (no boots)
Stlth    ..........             (no amulet)
HPRegen  0.50/turn              e - +2 ring of protection
MPRegen  0.10/turn              (no ring)

@: no status effects
A: fangs 2, regeneration 1, magic shield, antimagic bite, no potion heal 3, rot
immunity
a: no special abilities


You were on level 4 of the Dungeon.
You were not hungry.

You visited 1 branch of the dungeon, and saw 4 of its levels.

You collected 201 gold pieces.

Inventory:

Hand Weapons
 a - a +0 war axe (weapon)
Missiles
 q - 2 tomahawks (quivered)
Armour
 b - a +0 scale mail (worn)
 c - a +0 shield (worn)
 i - a +0 pair of gloves (worn)
Jewellery
 e - a +2 ring of protection (left hand)
Scrolls
 j - a scroll of blinking
 k - a scroll of fear
 m - 2 scrolls of remove curse
 n - a scroll of noise {unknown}
 o - a scroll of enchant weapon {unknown}
 s - a scroll of amnesia {unknown}
 t - a scroll of identify
Potions
 d - 2 potions of might
 g - a potion of invisibility
 h - a potion of curing {unknown}
 l - 2 potions of flight {unknown}
 p - 2 potions of degeneration {unknown}
 r - a potion of heal wounds {unknown}
 u - a potion of ambrosia {unknown}
 v - a potion of brilliance {unknown}
Comestibles
 f - 6 rations


   Skills:
 + Level 3.5 Fighting
 + Level 4.2 Axes
 + Level 3.2 Armour
 + Level 0.6 Dodging
 + Level 0.1 Stealth
 + Level 4.1 Shields


You had 5 spell levels left.
You didn't know any spells.
Your spell library was empty.

Dungeon Overview and Level Annotations

Branches:
Dungeon (4/15)
 Temple: D:4-7

Altars:
Qazlal


Innate Abilities, Weirdness & Mutations

You have extremely sharp teeth.
Your natural rate of healing is unusually fast.
When hurt, damage is shared between your health and your magic reserves.
Your bite disrupts and absorbs the magic of your enemies.
Potions cannot restore your health.
You are immune to rotting.


Message History

You are too injured to fight recklessly!
An ogre is nearby!
You are too injured to fight recklessly!
You are too injured to fight recklessly!
An ogre is nearby!
You are too injured to fight recklessly!
Your shield and scale mail prevent you from hitting the ogre.
Your bite misses the ogre.
The ogre is lightly wounded.
You block the ogre's attack.
You hit the ogre. You bite the ogre, but do no damage.
The ogre is moderately wounded.
The ogre closely misses you.
Your shield prevents you from hitting the ogre.
You bite the ogre. You drain its power.
You feel invigorated.
The ogre is heavily wounded.
You feel sick.
You are no longer poisoned.
The ogre hits you with a +0 giant club!
You die...

### .... .. ... ## #. ..
... #.##.# ...#.##..#.##
.. . ... ...... ..# ..
#.###.O######. #.#
...#>....@....... #.#
........#..#####..#
#.#####.####...##.## .#
#.#...#........†...# ..#
#.#.#.######...##..####..#
#....<...# #...##...#...
..#.####.# #...##.#.#†#
#.#......# #...##.#...#
#.######## #...##.##..#


You could see an ogre.

Vanquished Creatures
  Sigmund (D:3)
  A scorpion (D:4)
  A hound (D:4)
  An iguana (D:4)
  5 adders
  2 worms
  2 dart slugs
  3 leopard geckos
  A ball python (D:2)
  8 bats
  5 giant cockroaches
  9 goblins
  10 hobgoblins
  10 jackals
  7 kobolds
  2 quokkas
  10 rats
78 creatures vanquished.

Vanquished Creatures (others)
  An ooze (D:3)
1 creature vanquished.

Grand Total: 79 creatures vanquished

Notes
Turn   | Place    | Note
-------+----------+-------------------------------------------
     0 | D:1      | Kairos the Vine Stalker Fighter began the quest for the
                  | Orb.
     0 | D:1      | Reached XP level 1. HP: 11/11 MP: 2/2
   126 | D:1      | Reached XP level 2. HP: 15/16 MP: 3/3
   268 | D:1      | Reached XP level 3. HP: 19/19 MP: 4/4
   804 | D:2      | Gained mutation: Your natural rate of healing is unusually
                  | fast. [Vine Stalker growth]
   804 | D:2      | Reached XP level 4. HP: 22/24 MP: 5/5
   915 | D:2      | Found a faded altar of an unknown god.
  1042 | D:2      | Found a stormy altar of Qazlal.
  1250 | D:3      | Noticed Sigmund
  1313 | D:3      | Killed Sigmund
  1313 | D:3      | Reached XP level 5. HP: 11/28 MP: 6/6
  1313 | D:3      | Reached XP level 6. HP: 13/32 MP: 7/7
  1963 | D:4      | Slain by an ogre

Skill      XL: |  1  2  3  4  5  6 |
---------------+-------------------+-----
Shields        | 3 4 |  4.1
Axes           | 2 3 4 |  4.2
Fighting       | 3 |  3.5
Armour         | 3 |  3.2
Dodging        | |  0.6
Stealth        | |  0.1

Action                   |  1- 3 |  4- 6 || total
-------------------------+-------+-------++-------
Melee: War axe           |   106 |   142 ||   248
       Bite              |    30 |    43 ||    73
  Use: Scroll            |     1 |     3 ||     4
  Eat: Chunk             |       |     4 ||     4
Armor: Scale mail        |    73 |    58 ||   131
Dodge: Dodged            |    41 |    40 ||    81
Block: Shield            |    81 |    69 ||   150
